 Dungeon Crawl Stone Soup version 0.31.0-1-g2c135a008e (webtiles) character file.

Game seed: 6885029636481687866

1133 Colgate the Slicer (level 8, -7/39 HPs)
             Began as a Vine Stalker Hexslinger on Jan 20, 2024.
             Was a Follower of Makhleb.
             Splashed by a jelly's acid (10 damage)
             ... on level 5 of the Dungeon.
             The game lasted 00:21:56 (5666 turns).

Colgate the Slicer (Vine Stalker Hexslinger)        Turns: 5666, Time: 00:21:57

Health: -7/39      AC: -2    Str: 12      XL:     8   Next: 36%
Magic:  0/10       EV:  6    Int: 18 (19) God:    Makhleb [*.....]
Gold:   226        SH:  0    Dex: 16      Spells: 9/9 levels left

rFire   . . .        w - +2 dagger (chaos)
rCold   . . .        (no shield)
rNeg    . . .        c - +0 chain mail
rPois   +            i - +2 hat
rElec   .            (no cloak)
rCorr   .            (no gloves)
SInv    .            (no boots)
Will    +....        (no amulet) Stlth
                     n - +6 ring of intelligence
HPRegen 1.06/turn    (no ring)
MPRegen 0.12/turn

%: guardian spirit
@: corroded
A: fangs 3, regeneration 1, magic shield, antimagic bite, no potion heal 2,
clumsy 1, poison resistance
a: Renounce Religion


You were on level 5 of the Dungeon.
You worshipped Makhleb.
Makhleb was aware of your devotion.
You visited 1 branch of the dungeon, and saw 5 of its levels.
You also visited: Sewer.

You collected 226 gold pieces.

Inventory:

Hand Weapons
 a - a +0 short sword
 w - a +2 dagger of chaos (weapon)
Armour
 c - a +0 chain mail (worn)
 i - a +2 hat (worn)
 v - a +0 helmet
Jewellery
 n - a +6 ring of intelligence (left hand)
Wands
 x - a wand of charming (3)
Scrolls
 d - a scroll of amnesia
 e - 7 scrolls of identify {unknown}
 f - 2 scrolls of poison
 k - a scroll of enchant weapon {unknown}
 p - a scroll of noise {unknown}
 q - 3 scrolls of teleportation {unknown}
 s - a scroll of fear {unknown}
 t - 2 scrolls of revelation {unknown}
 u - a scroll of acquirement {unknown}
 y - a scroll of vulnerability {unknown}
Potions
 b - 2 potions of might {unknown}
 g - 4 potions of curing {@q1}
 h - a potion of invisibility {unknown}
 j - 2 potions of degeneration
 l - 2 potions of heal wounds {unknown}
 m - 2 potions of mutation
 o - 2 potions of magic
 r - 2 potions of haste {unknown}
 z - 2 potions of cancellation {unknown}
 A - a potion of resistance {unknown}


   Skills:
 - Level 2.3 Fighting
 + Level 8.4 Short Blades
 - Level 1.7 Ranged Weapons
 - Level 1.5 Dodging
 - Level 1.1 Spellcasting
 - Level 3.0 Hexes
 - Level 1.0 Fire Magic


You had 9 spell levels left.
You didn't know any spells.
Your spell library contained the following spells:

 Spells                   Type           Power      Damage    Failure   Level
 Jinxbite                 Hex            22%        N/A       95%         2
 Ensorcelled Hibernation  Hex/Ice        12%        N/A       99%         2
 Sigil of Binding         Hex            11%        N/A       99%         3
 Inner Flame              Hex/Fire       8%         N/A       100%        3
 Passwall                 Erth           0%         N/A       100%        3
 Swiftness                Air            0%         N/A       100%        3
 Cause Fear               Hex            5%         N/A       100%        4
 Dimensional Bullseye     Hex/Tloc       3%         N/A       100%        4
 Summon Forest            Summ/Tloc      0%         N/A       100%        5
 Eringya's Noxious Bog    Alch           0%         4d6       100%        6
 Summon Hydra             Summ           0%         N/A       100%        7


Dungeon Overview and Level Annotations

Branches:
Dungeon (5/15)              Sewer (visited)
 Temple: D:4-7

Altars:
Makhleb
Xom

Shops:
D:2 ?


Innate Abilities, Weirdness & Mutations

You have razor-sharp teeth.
Your natural rate of healing is unusually fast.
When hurt, damage is shared between your health and your magic reserves.
Your bite disrupts and absorbs the magic of your enemies.
Potions cannot restore your health.
You are clumsy. (Dex -2)
Your system is resistant to poisons. (rPois)


Message History

Your bite misses the water moccasin. The water moccasin bites you.
You closely miss the water moccasin. Your bite misses the water moccasin.
The water moccasin bites you. The water moccasin bites you.
You kill the water moccasin!
Makhleb accepts your kill.
You feel your intelligence returning.
You hit the jelly.
Your hands burn!
You bite the jelly, but do no damage. The jelly hits you but does no damage.
You hit the jelly. The acid corrodes you!
Your hands burn!
The jelly attacks as it pursues you! The jelly barely misses you.
The jelly attacks as it pursues you! The jelly hits you. The acid corrodes you!
You are splashed with acid!
The jelly attacks as it pursues you! The jelly hits you but does no damage.
The jelly attacks as it pursues you! The jelly hits you.
You are splashed with acid!
The jelly attacks as it pursues you! The jelly hits you. The acid corrodes you!
You are splashed with acid.
The jelly attacks as it pursues you! The jelly hits you.
You are splashed with acid!
The jelly attacks as it pursues you! The jelly hits you.
You are splashed with acid.
* * * LOW HITPOINT WARNING * * *
There is a stone staircase leading up, spattered with blood here.
The jelly attacks as it pursues you! The jelly barely misses you.
The jelly attacks as it pursues you! The jelly closely misses you.
The jelly attacks as it pursues you! The jelly hits you.
You are splashed with acid!
* * * LOW HITPOINT WARNING * * *
As you read the scroll labelled KONUPEOWUY, it crumbles to dust.
It is a scroll of amnesia.
Forget Jinxbite, freeing 2 spell levels for a total of 9?
Your memory of Jinxbite unravels.
The jelly hits you.
* * * LOW HITPOINT WARNING * * *
You are splashed with acid!
You die...

###... #.#
#...###....###....
#.... #.
#...###....###....
#....J
#....##....+......
.......
#....##....###....
#......#
#<...##....# #....
#.##.####### #####
#.##.# # #J##.# #
#@##.# # #....# #
###### # # #


You could see a jelly.

Vanquished Creatures
  Edmund (D:5)
  A water moccasin (D:5)
  A centaur (D:4)
  A phantom (D:4)
  A kobold brigand (Sewer)
  2 scorpions
  A killer bee (Sewer)
  A crimson imp (D:4)
  2 bombardier beetles (D:3)
  A hound (D:4)
  2 iguanas (D:4)
  Robin (D:3)
  11 adders
  4 gnolls (D:5)
  5 river rats
  A dart slug (D:3)
  2 ribbon worms
  11 orcs
  8 endoplasms
  3 giant cockroaches
  12 goblins
  14 hobgoblins
  7 jackals (D:2)
  5 quokkas
  12 ball pythons
  6 bats
  3 frilled lizards (D:1)
  21 kobolds
  23 rats
163 creatures vanquished.

Vanquished Creatures (collateral kills)
  An iguana (D:5)
1 creature vanquished.

Grand Total: 164 creatures vanquished

Notes
Turn   | Place    | Note
-------+----------+-------------------------------------------
     0 | D:1      | Colgate the Vine Stalker Hexslinger began the quest for the
                  | Orb.
     0 | D:1      | Reached XP level 1. HP: 9/9 MP: 3/3
    89 | D:1      | Reached skill level 1 in Fighting
   202 | D:1      | Reached XP level 2. HP: 9/15 MP: 2/4
   982 | D:2      | Reached skill level 1 in Short Blades
   982 | D:2      | Reached XP level 3. HP: 19/19 MP: 5/5
  1126 | D:2      | Found Feruvi's Magic Scroll Shop.
  1187 | D:2      | Reached skill level 2 in Short Blades
  1265 | D:2      | Reached XP level 4. HP: 23/23 MP: 6/6
  1409 | D:2      | Learned a level 2 spell: Jinxbite
  2206 | D:3      | Reached skill level 3 in Short Blades
  2211 | D:3      | Noticed Robin
  2300 | D:3      | Killed Robin
  2301 | D:3      | Reached XP level 5. HP: 23/27 MP: 4/7
  2567 | D:3      | Reached skill level 4 in Short Blades
  3160 | D:4      | Reached XP level 6. HP: 29/31 MP: 6/8
  3397 | D:4      | Reached skill level 5 in Short Blades
  3904 | D:4      | Found a shimmering altar of Xom.
  3905 | D:4      | Found a burning altar of Makhleb.
  3913 | D:4      | Reached XP level 7. HP: 29/35 MP: 9/9
  3917 | D:4      | Became a worshipper of Makhleb the Destroyer
  4201 | D:4      | Reached skill level 6 in Short Blades
  4370 | D:5      | Entered Level 5 of the Dungeon
  4571 | D:5      | Noticed Edmund
  4683 | D:5      | Gained mutation: Your system is resistant to poisons.
                  | (rPois) [potion of mutation]
  4683 | D:5      | Gained mutation: You are clumsy. (Dex -2) [potion of
                  | mutation]
  4688 | D:5      | HP: 1/35 [Edmund/+2 heavy flail (12)]
  4693 | D:5      | Killed Edmund
  4811 | D:5      | Reached skill level 7 in Short Blades
  4838 | D:5      | Found a glowing drain.
  4857 | Sewer    | Entered a sewer
  4963 | Sewer    | Reached * piety under Makhleb
  4976 | Sewer    | Gained mutation: You have razor-sharp teeth. [Vine Stalker
                  | growth]
  4976 | Sewer    | Reached XP level 8. HP: 39/39 MP: 8/10
  5397 | Sewer    | Reached skill level 8 in Short Blades
  5666 | D:5      | Splashed by a jelly's acid

Illustrated notes

Levels and vault maps discovered:
D:1:      elethiomel_arrival_maze, layout_loops_ring
D:2:      layout_basic, serial_shops, shop, minmay_box_of_dots
D:3:      layout_loops_cross, minmay_goblin_kobold_house, uniq_robin
D:4:      layout_basic, grunt_temple_overflow_champion_of_chaos
D:5:      layout_basic, minmay_temple_entry_trees, portal_sewer_entry_b,
          uniq_crazy_yiuf_cottage, uniq_edmund

Skill      XL: |  1  2  3  4  5  6  7  8 |
---------------+-------------------------+-----
Fighting       | 1 2 |  2.3
Short Blades   | 1 2 3 4 5 7 8 |  8.4
Ranged Weapons | |  1.7
Dodging        | |  1.5
Spellcasting   | |  1.1
Hexes          | |  3.0
Fire Magic     | |  1.0

Action                     |  1- 3 |  4- 6 |  7- 9 || total
---------------------------+-------+-------+-------++-------
  Melee: Short sword       |       |   274 |       ||   274
         Bite              |       |    97 |    60 ||   157
         Punch             |       |     1 |     6 ||     7
         Dagger            |       |       |   198 ||   198
   Fire: Sling             |   114 |    26 |       ||   140
   Cast: Jinxbite          |       |     5 |       ||     5
  Evoke: Wand              |       |       |     4 ||     4
    Use: Potion            |       |       |     4 ||     4
         Scroll            |       |       |     1 ||     1
   Stab: Distracted        |       |       |     1 ||     1
         Confused          |       |       |     1 ||     1
         Petrifying        |       |       |     1 ||     1
 Armour: Robe              |    24 |    16 |       ||    40
         Scale mail        |       |    96 |       ||    96
         Chain mail        |       |    53 |   138 ||   191
  Dodge: Dodged            |    25 |   100 |    51 ||   176
